 Dungeon Crawl Stone Soup version 0.31-a0-331-geda263fcf1 (webtiles) character file.

Game seed: 12762611808096204307

357 Newt the Slasher (level 6, 0/56 HPs)
             Began as a Hill Orc Fighter on July 19, 2023.
             Slain by a gnoll
             ... wielding a +0 spear
              (5 damage)
             ... on level 3 of the Dungeon.
             The game lasted 00:02:57 (2482 turns).

Newt the Slasher (Hill Orc Fighter)                 Turns: 2482, Time: 00:02:59

Health: 0/56       AC:  6    Str: 21    XL:     6   Next: 64%
Magic:  5/6        EV: 10    Int:  8    God:
Gold:   83         SH:  5    Dex: 10    Spells: 4/5 levels left

rFire   . . .        a - +0 long sword
rCold   + . .        c - +1 buckler
rNeg    + + .        n - +0 ring mail of the Old and Reckless {rC+ rN++ Will+}
rPois   .            (no helmet)
rElec   .            (no cloak)
rCorr   .            g - +0 pair of gloves
SInv    .            (no boots)
Will    +....        (no amulet) Stlth
                     (no ring)
HPRegen 0.29/turn    (no ring)
MPRegen 0.10/turn

%: no passive effects
@: no status effects
A: no striking features
a: no special abilities


You were on level 3 of the Dungeon.
You visited 1 branch of the dungeon, and saw 3 of its levels.

You collected 83 gold pieces.

Inventory:

Hand Weapons
 a - a +0 long sword (weapon)
Missiles
 e - 10 poisoned darts
Armour
 b - a +0 scale mail
 c - a +1 buckler (worn)
 g - a +0 pair of gloves (worn)
 n - the +0 ring mail of the Old and Reckless (worn) {rC+ rN++ Will+}
   (You found it on level 2 of the Dungeon)

   rC:        It protects you from cold.
   rN:        It greatly protects you from negative energy.
   Will:      It increases your willpower.
Jewellery
 k - a ring of ice
 m - an amulet of faith
Wands
 d - a wand of light (15)
Scrolls
 o - a scroll of noise {unknown}
Potions
 f - a potion of lignification
 h - 2 potions of enlightenment
 i - a potion of brilliance {unknown}
 j - a potion of magic
 l - a potion of cancellation
 p - 2 potions of mutation {unknown}
 q - 2 potions of invisibility {unknown}


   Skills:
 - Level 5.0 Fighting
 - Level 6.0 Long Blades
 - Level 3.2 Armour
 - Level 3.2 Shields
 + Level 2.7 Summonings


You had 4 spell levels left.
You knew the following spells:

 Your Spells              Type           Power      Damage    Failure   Level
a - Summon Small Mammal   Summ           16%        N/A       28%         1

Your spell library contained the following spells:

 Spells                   Type           Power      Damage    Failure   Level
 Apportation              Tloc           0%         N/A       65%         1
 Necrotise                Necr           0%         1d4       65%         1
 Call Canine Familiar     Summ           4%         N/A       65%         3
 Portal Projectile        Hex/Tloc       0%         N/A       95%         3
 Leda's Liquefaction      Hex/Erth       0%         N/A       100%        4


Dungeon Overview and Level Annotations

Branches:
Dungeon (3/15)

Altars:


Message History

You are too injured to fight recklessly!
You are too injured to fight recklessly!
You are too injured to fight recklessly!
You are too injured to fight recklessly!
You are too injured to fight recklessly!
You are too injured to fight recklessly!
You are too injured to fight recklessly!
You are too injured to fight recklessly!
You are too injured to fight recklessly!
You are too injured to fight recklessly!
You are too injured to fight recklessly!
You are too injured to fight recklessly!
You are too injured to fight recklessly!
You are too injured to fight recklessly!
You are too injured to fight recklessly!
Unknown command.
You hit the orc.
The orc is severely wounded.
The orc hits you but does no damage.
The gnoll hits you from afar with a +0 spear.
Casting: Summon Small Mammal (safe; 28% risk of failure)
Press: ? - help, Q - select action, (/) - cycle Dir - look around, f - activate The orc hits you but does no damage.
The gnoll hits you but does no damage.
Unknown command.
You hit the orc but do no damage.
The orc is severely wounded.
You block the orc's attack.
The gnoll hits you from afar with a +0 spear.
* * * LOW HITPOINT WARNING * * *
The gnoll hits you from afar with a +0 spear!
* * * LOW HITPOINT WARNING * * *
The orc completely misses you.
You hit the orc.
You kill the orc!
The gnoll hits you from afar with a +0 spear.
* * * LOW HITPOINT WARNING * * *
Unknown command.
Your rat bites the gnoll.
The gnoll hits you from afar with a +0 spear.
You die...

#.##.# ...
...#..... #.##<#
.. ######.##.
#....# .. #....###
#.#####.# #.####
#.. ...# #.# #..#
#.. #.# #..# #g#
### #.#
##.#.#r#####.###.#
..#.@)......##.#
##.#######.###.#
## #.....# #######


You could see a gnoll (ally target) and a friendly rat (summoned).

Vanquished Creatures
  Grinder (D:3)
  Natasha (D:3)
  An orc wizard (D:3)
  An adder (D:2)
  2 gnolls (D:3)
  4 dart slugs
  5 orcs (D:3)
  3 ball pythons
  9 endoplasms
  4 giant cockroaches
  2 goblins
  13 hobgoblins
  4 kobolds
  A quokka (D:1)
  4 bats
  A frilled lizard (D:1)
  2 rats (D:1)
58 creatures vanquished.

Notes
Turn   | Place    | Note
-------+----------+-------------------------------------------
     0 | D:1      | Newt the Hill Orc Fighter began the quest for the Orb.
     0 | D:1      | Reached XP level 1. HP: 19/19 MP: 1/1
    17 | D:1      | HP: 1/20 [dart slug (3)]
   361 | D:1      | Reached XP level 2. HP: 26/27 MP: 2/2
   909 | D:1      | Reached skill level 5 in Fighting
   909 | D:1      | Reached XP level 3. HP: 36/36 MP: 3/3
  1402 | D:2      | Reached skill level 3 in Long Blades
  1476 | D:2      | Reached XP level 4. HP: 42/42 MP: 4/4
  1608 | D:2      | Learned a level 1 spell: Summon Small Mammal
  1699 | D:2      | Identified the +0 ring mail of the Old and Reckless {rC+
                  | rN++ Will+}
  2090 | D:3      | Noticed Grinder
  2093 | D:3      | Noticed Natasha
  2102 | D:3      | Killed Natasha
  2103 | D:3      | Reached skill level 4 in Long Blades
  2107 | D:3      | Killed Grinder
  2108 | D:3      | Reached skill level 6 in Long Blades
  2108 | D:3      | Reached skill level 1 in Summonings
  2108 | D:3      | Reached XP level 5. HP: 45/48 MP: 5/5
  2108 | D:3      | Reached XP level 6. HP: 52/56 MP: 6/6
  2128 | D:3      | Identified the +2 ring mail of Geor {rF- rN+ Int+3 Dex+3}
  2482 | D:3      | Slain by a gnoll

Illustrated notes

Levels and vault maps discovered:
D:1:      minmay_arrival_semitransparent, layout_basic, minmay_misc_feat_rows,
          palyth_stone_intersect, minmay_surrounded
D:2:      layout_loops_cross
D:3:      layout_loops_cross, grunt_ministairs_5, minmay_goblin_kobold_house,
          uniq_ijyb, uniq_natasha, uniq_grinder

Skill      XL: |  1  2  3  4  5  6 |
---------------+-------------------+-----
Fighting       | 4 5 |  5.0
Long Blades    | 3 6 |  6.0
Summonings     | 1 2 |  2.7
Armour         | |  3.2
Shields        | |  3.2

Action                     |  1- 3 |  4- 6 || total
---------------------------+-------+-------++-------
  Melee: Long sword        |   111 |    87 ||   198
   Cast: Summon Small Mamm |       |     1 ||     1
    Use: Scroll            |     3 |     4 ||     7
         Potion            |       |     1 ||     1
 Armour: Scale mail        |    47 |     6 ||    53
         Ring mail         |       |    39 ||    39
  Dodge: Dodged            |    67 |    38 ||   105
  Block: Buckler           |    23 |    22 ||    45

Table legend: (Time is in decaauts)
 A = Elapsed time spent in this place.
 B = Non-inter-level travel time spent in this place.
 C = Inter-level travel time spent in this place.
 D = Time resting spent in this place.
 E = Time spent auto-exploring this place.
 F = Levels seen in this place.
 G = Mean time per level.
                   A        B        C        D        E       F      G
               +--------+--------+--------+--------+--------+-----+--------+
         Total |   2534 |   2442 |     92 |    361 |   1636 |   3 |  844.7 |
       Dungeon |   2534 |   2442 |     92 |    361 |   1636 |   3 |  844.7 |
               +--------+--------+--------+--------+--------+-----+--------+

Top non-repeatable levels by time:
     D:1: 1244 daAuts
     D:2: 767 daAuts
     D:3: 521 daAuts
